Map: Orbital Shipyard

Players

MarineLorD

  • Race: Terran Terran
  • League: Grandmaster

Happy - Winner!

  • Race: Terran Terran
  • League: Grandmaster

Event: 2016 WCS Winter Challenger Europe

VOD

Have the link to the VOD?

Description

Time

  • Played on: Feb. 14, 2016, 12:48 p.m.
  • Length: 15:33

All games in this series

Show
View Real Time Build Order
Export as new Build Order

MarineLorD Terran 

Build Orders: Bio Tank 

Get SALT Encoding   

  12  0:01  SCV  
  13  0:13  SCV  
  14  0:18  Supply Depot  
  14  0:25  SCV  
  15  0:39  SCV  
  15  0:42  Barracks  
  16  0:51  SCV  
  17  1:03  SCV  
  18  1:14  Command Center  
  18  1:18  SCV  
  19  1:29  Marine  
  19  1:32  Orbital Command  
  20  1:39  Supply Depot  
  20  1:47  Marine  
  20  1:52  Refinery  
  21  1:55  Refinery  
  21  1:57  SCV  
  22  2:05  Marine  
  23  2:09  SCV  
  24  2:21  SCV  
  25  2:23  Marine  
  25  2:27  Orbital Command  
  26  2:34  SCV  
  27  2:37  Factory  
  27  2:46  Barracks Reactor, SCV  
  28  2:52  SCV  
  28  2:58  SCV  
  30  3:03  Command Center  
  30  3:04  SCV  
  31  3:10  SCV  
  32  3:17  SCV  
  33  3:22  SCV, Marine  
  33  3:23  Marine  
  33  3:24  Starport  
  33  3:25  Factory Tech Lab  
  36  3:29  SCV  
  36  3:32  Supply Depot  
  37  3:35  SCV  
  37  3:40  Marine x2  
  37  3:41  SCV  
  41  3:44  Cyclone  
  41  3:47  SCV  
  45  3:53  SCV  
  46  3:59  Supply Depot, SCV  
  46  4:02  Viking  
  51  4:08  SCV  
  50  4:11  SCV  
  50  4:16  Barracks Tech Lab, Orbital Command  
  51  4:21  SCV  
  51  4:23  SCV  
  53  4:25  Siege Tank  
  56  4:33  Starport Reactor  
  56  4:34  Barracks  
  56  4:35  SCV x2, Barracks  
  56  4:36  Marine  
  59  4:44  Orbital Command  
  59  4:47  SCV x2  
  59  4:48  Stimpack  
  59  4:50  Refinery x2  
  61  4:54  Supply Depot, Marine  
  61  4:59  SCV x2  
  64  5:04  Engineering Bay  
  64  5:06  Engineering Bay  
  64  5:11  SCV  
  64  5:12  SCV, Marine  
  67  5:15  Siege Tank  
  67  5:16  SCV  
  71  5:23  Marine x2  
  71  5:24  SCV x2  
  71  5:28  SCV, Starport Reactor  
  76  5:29  Marine x2  
  76  5:30  Marine  
  76  5:35  Terran Infantry Weapons Level 1  
  79  5:36  SCV, Terran Infantry Armor Level 1  
  79  5:40  Barracks, SCV  
  79  5:41  SCV, Marine x2  
  79  5:42  Barracks  
  84  5:51  Supply Depot  
  84  5:52  SCV  
  84  5:53  Supply Depot  
  84  5:56  Supply Depot  
  85  5:58  Siege Tank, SCV x2  
  85  5:59  Marine x3  
  93  6:05  Refinery  
  93  6:10  Refinery  
  93  6:12  Medivac x2  
  93  6:13  Supply Depot, SCV x2  
  93  6:15  Supply Depot  
  93  6:17  Marine x3  
  102  6:18  Marine  
  102  6:19  Marine  
  102  6:21  SCV  
  102  6:25  SCV  
  106  6:28  SCV  
  106  6:30  Siege Tank  
  106  6:31  Supply Depot, Barracks Reactor x2  
  110  6:35  Marine  
  110  6:36  Marine x2  
  110  6:37  Marine  
  114  6:41  SCV x2  
  114  6:42  SCV  
  117  6:47  Medivac  
  117  6:48  Combat Shields  
  117  6:49  Medivac  
  117  6:52  Marine x2  
  117  6:54  Marine  
  124  6:58  Sensor Tower, Marine x2  
  126  7:04  Missile Turret  
  126  7:06  Missile Turret, Siege Tank  
  126  7:07  Marine x4  
  133  7:09  Marine  
  133  7:10  Marine  
  133  7:11  Marine  
  136  7:15  Supply Depot x2  
  136  7:16  Supply Depot, Marine x2  
  138  7:25  Marine x3  
  138  7:27  Factory  
  141  7:31  Supply Depot  
  141  7:33  Supply Depot  
  141  7:36  Marine x4  
  141  7:37  Medivac x2, Marine x2  
  141  7:43  Siege Tank, Marine x2  
  141  7:44  Armory  
  156  7:48  Marine  
  157  7:53  Supply Depot  
  157  7:54  Supply Depot, Marine x3  
  157  7:55  Marine  
  157  7:56  Marine  
  157  7:57  Supply Depot  
  162  8:02  Marine x2  
  164  8:07  Viking x2  
  164  8:09  Marine  
  169  8:13  Factory Tech Lab  
  169  8:18  Marine  
  170  8:21  Marine  
  170  8:24  Command Center  
  170  8:25  Siege Tank  
  170  8:27  Marine x3  
  174  8:28  Marine  
  174  8:29  Marine  
  174  8:33  Siege Tank  
  183  8:34  Terran Infantry Weapons Level 2  
  183  8:35  Terran Infantry Armor Level 2  
  183  8:37  Terran Vehicle Weapons Level 1  
  183  8:39  Marine  
  183  8:40  Marine  
  184  8:43  Marine x2  
  184  8:46  Marine  
  184  8:48  Marine x2  
  186  8:52  Viking x2  
  190  8:57  Marine x3  
  190  9:00  Siege Tank  
  190  9:01  Marine  
  197  9:07  Marine  
  197  9:08  Marine  
  197  9:09  Marine  
  198  9:10  Marine  
  198  9:11  Marine  
  200  9:22  Viking x2  
  200  9:23  Siege Tank  
  200  9:24  Marine  
  181  9:25  Marine  
  181  9:28  Marine  
  181  9:29  Marine  
  158  9:32  Siege Tank  
  158  9:38  Marine x2  
  162  9:44  Marine x2  
  165  9:47  Marine x2  
  165  9:48  Marine x3  
  165  9:52  Medivac  
  172  9:55  Siege Tank  
  172  9:56  Marine x2  
  177  10:02  Marine x2  
  177  10:04  Siege Tank  
  177  10:05  Marine x2  
  177  10:06  Marine x3  
  186  10:15  Marine x2  
  186  10:19  Marine x2  
  186  10:20  Planetary Fortress  
  190  10:22  Marine x2  
  190  10:23  Marine  
  190  10:24  Marine  
  190  10:25  Marine  
  190  10:27  Siege Tank  
  195  10:33  Marine x2  
  195  10:34  Missile Turret  
  197  10:36  Siege Tank  
  197  10:37  Marine  
  197  10:40  Marine  
  200  10:52  Marine x4  
  200  10:54  Viking  
  200  10:55  Viking, Marine x2  
  198  10:59  Marine x2  
  200  11:17  Command Center  
  200  11:18  Command Center  
  200  11:26  Command Center  
  200  11:29  Terran Vehicle Weapons Level 2  
  200  11:30  Terran Infantry Weapons Level 3, Terran Infantry Armor Level 3  
  200  11:43  Marine x2  
  200  11:45  Marine  
  147  11:48  Marine  
  147  11:49  Marine  
  147  11:52  Marine  
  147  11:53  Marine  
  147  11:54  Marine x2  
  130  11:58  Siege Tank  
  134  12:01  Marine x2  
  134  12:03  Marine  
  134  12:05  Siege Tank  
  134  12:06  Marine  
  134  12:07  Marine  
  142  12:10  Viking x2, Marine  
  142  12:11  Marine x3  
  150  12:19  Marine x2  
  150  12:21  Marine  
  153  12:23  Liberator x2  
  153  12:24  Marine x2  
  153  12:28  Marine  
  153  12:29  Marine x3  
  159  12:37  Marine x2  
  159  12:38  Marine  
  159  12:40  Siege Tank  
  159  12:41  Marine  
  159  12:42  Marine  
  173  12:46  Marine  
  173  12:47  Marine x3  
  177  12:55  Marine x2  
  177  12:56  Marine  
  168  12:59  Marine  
  168  13:00  Marine  
  168  13:01  Orbital Command  
  168  13:04  Marine  
  168  13:05  Marine x2  
  167  13:09  Marine  
  167  13:11  Siege Tank  
  171  13:12  Siege Tank, Marine x2  
  171  13:14  Marine  
  171  13:17  Marine  
  171  13:18  Marine  
  178  13:22  Marine  
  178  13:23  Marine x2  
  178  13:27  Marine  
  150  13:30  Marine x2  
  150  13:32  Marine  
  145  13:35  Marine  
  145  13:36  Marine  
  145  13:39  Marine  
  145  13:40  Marine x2  
  150  13:43  Siege Tank  
  150  13:44  Marine  
  150  13:45  Siege Tank  
  150  13:48  Marine x2  
  157  13:50  Marine  
  157  13:53  Marine x2  
  162  13:57  Marine  
  162  13:58  Marine x2  
  162  14:02  Marine  
  165  14:06  Marine x2  
  165  14:07  Marine  
  169  14:10  Marine  
  169  14:11  Marine  
  169  14:15  Marine  
  169  14:16  Marine x2  
  174  14:20  Marine  
  174  14:24  Marine x2  
  175  14:25  Marine  
  175  14:28  Marine  
  175  14:29  Marine  
  178  14:33  Marine  
  178  14:34  Marine x2  
  153  14:41  Marine  
  153  14:42  Siege Tank x2  
  153  14:43  Marine  
  149  14:46  Marine  
  149  14:47  Marine  
  149  14:52  Marine  
  156  14:58  Barracks x2  
  156  14:59  Barracks  
  143  15:01  Barracks  
  123  15:12  Marine x2  
  107  15:15  Marine  
Show
View Real Time Build Order
Export as new Build Order

Happy Terran - Winner!

Build Orders: Reaper Expand, Bio Tank 

Get SALT Encoding   

  12  0:00  SCV  
  13  0:13  SCV  
  14  0:17  Supply Depot  
  14  0:25  SCV  
  15  0:39  SCV  
  15  0:40  Barracks  
  16  0:43  Refinery  
  16  0:51  SCV  
  17  1:03  SCV  
  18  1:15  SCV  
  19  1:27  Reaper, Orbital Command  
  20  1:45  Command Center  
  20  1:53  SCV  
  21  1:54  Supply Depot  
  21  2:05  SCV  
  22  2:19  SCV, Command Center  
  23  2:28  Refinery  
  23  2:32  SCV  
  24  2:39  Factory  
  24  2:44  SCV  
  25  2:56  Barracks Reactor  
  25  2:58  SCV, Orbital Command  
  26  3:11  SCV  
  27  3:15  Barracks  
  27  3:16  Barracks  
  27  3:23  SCV  
  27  3:24  SCV  
  29  3:27  Starport  
  29  3:34  Orbital Command  
  29  3:35  SCV  
  29  3:38  Marine  
  29  3:40  Marine  
  32  3:41  Factory Tech Lab  
  32  3:44  SCV  
  33  3:49  SCV  
  33  3:53  Engineering Bay  
  34  3:56  SCV  
  34  4:01  Siege Tank, SCV  
  39  4:03  SCV  
  39  4:05  Barracks Tech Lab  
  39  4:07  Refinery  
  39  4:09  Barracks Tech Lab  
  40  4:11  SCV  
  40  4:13  SCV  
  40  4:15  SCV  
  43  4:19  Supply Depot  
  43  4:22  Orbital Command, Marine x2  
  43  4:23  SCV  
  45  4:26  SCV, Stimpack  
  45  4:29  Combat Shields  
  46  4:33  Marine  
  46  4:34  Marine  
  46  4:37  Refinery  
  48  4:40  SCV, Marine x2  
  48  4:41  SCV, Starport Reactor  
  52  4:47  SCV  
  52  4:51  Marine  
  54  4:53  Barracks, SCV x2  
  54  4:56  Barracks  
  54  4:58  Marine  
  54  4:59  SCV  
  58  5:03  Siege Tank  
  58  5:05  SCV x2  
  63  5:11  SCV  
  63  5:12  Terran Infantry Weapons Level 1  
  66  5:15  Engineering Bay  
  66  5:17  SCV  
  66  5:20  SCV  
  69  5:25  Medivac  
  69  5:27  Supply Depot, SCV  
  69  5:31  Factory  
  69  5:33  Barracks  
  69  5:34  Supply Depot  
  69  5:42  Supply Depot  
  69  5:43  SCV x3  
  69  5:44  Terran Infantry Armor Level 1  
  69  5:47  Supply Depot  
  72  5:51  Medivac  
  72  5:54  Marine  
  72  5:55  Barracks Reactor  
  72  5:56  SCV  
  77  5:57  SCV x2  
  77  6:01  Refinery  
  78  6:04  Supply Depot  
  78  6:05  Marine  
  78  6:06  Barracks Reactor  
  78  6:07  Refinery  
  78  6:10  Armory  
  79  6:12  SCV  
  79  6:14  SCV  
  79  6:15  SCV  
  79  6:17  Marine  
  79  6:18  Supply Depot  
  83  6:21  Barracks Reactor  
  83  6:24  SCV  
  84  6:25  Supply Depot  
  84  6:26  SCV  
  84  6:28  Barracks Reactor, SCV  
  84  6:32  Sensor Tower  
  86  6:34  Marine  
  86  6:36  SCV  
  86  6:37  Siege Tank  
  86  6:38  SCV  
  92  6:41  Marine x3  
  92  6:44  Marine x2  
  92  6:46  SCV  
  97  6:47  Marine  
  97  6:48  SCV  
  99  6:55  Marine  
  99  6:57  Siege Tank  
  99  6:58  Marine x3  
  99  7:01  Supply Depot  
  106  7:05  Missile Turret  
  106  7:06  Missile Turret, Terran Vehicle Weapons Level 1  
  106  7:09  Siege Tank  
  106  7:10  Marine  
  106  7:11  Supply Depot  
  106  7:13  Missile Turret, Medivac  
  106  7:15  Medivac  
  114  7:18  Marine x2  
  114  7:20  Marine x2  
  119  7:23  Terran Infantry Weapons Level 2  
  119  7:28  Marine  
  119  7:29  Marine  
  120  7:32  Supply Depot x2, Marine  
  120  7:33  Marine  
  120  7:35  Siege Tank  
  120  7:36  Marine  
  126  7:37  Marine  
  126  7:38  Marine  
  126  7:42  Terran Infantry Armor Level 2  
  126  7:43  Medivac  
  130  7:44  Supply Depot  
  130  7:46  Supply Depot  
  130  7:48  Marine x2  
  132  7:53  Missile Turret  
  132  7:54  Supply Depot  
  132  7:55  Marine x2  
  132  7:56  Supply Depot x2  
  132  7:58  Marine x3  
  136  8:00  Marine x2  
  136  8:01  Marine  
  136  8:02  Marine  
  140  8:08  Siege Tank  
  140  8:09  Siege Tank  
  146  8:16  Command Center  
  146  8:21  Marine x3  
  146  8:25  Marine x2  
  151  8:27  Medivac  
  151  8:28  Marine  
  151  8:29  Marine  
  155  8:41  Siege Tank x2  
  160  8:48  Marine x3  
  161  8:50  Viking  
  164  8:57  Viking  
  164  8:58  Command Center  
  166  9:05  Marine  
  167  9:12  Marine x3  
  167  9:13  Siege Tank x2, Marine  
  144  9:27  Marine x7  
  144  9:30  Marine x4  
  145  9:33  Medivac  
  147  9:40  Sensor Tower  
  147  9:44  Marine  
  147  9:45  Siege Tank x2, Marine x4  
  155  9:46  Medivac, Marine x2  
  155  9:50  Terran Infantry Weapons Level 3, Marine  
  155  9:51  Marine x3  
  166  10:02  Marine x2  
  166  10:03  Marine x3  
  166  10:04  Marine x2  
  173  10:07  Medivac  
  173  10:08  Marine  
  173  10:09  Marine x3  
  179  10:16  Medivac  
  179  10:17  Siege Tank x2  
  179  10:20  Marine x2  
  179  10:21  Marine x3  
  188  10:28  Terran Infantry Armor Level 3  
  189  10:33  Marine x2  
  189  10:35  Marine  
  190  10:39  Marine x2  
  193  10:44  Viking  
  193  10:46  Viking, Marine x3  
  193  10:49  Siege Tank  
  195  10:54  Siege Tank  
  195  10:59  Marine  
  195  11:00  Marine  
  196  11:14  Viking  
  196  11:16  Viking  
  200  11:30  Terran Vehicle Weapons Level 2  
  200  11:31  Planetary Fortress  
  200  11:32  Command Center x2  
  199  11:44  Marine x3  
  199  11:46  Marine x5  
  137  11:47  Marine x2  
  137  11:50  Marine  
  122  11:57  Siege Tank x2  
  122  11:58  Medivac  
  122  11:59  Medivac  
  128  12:02  Marine x3  
  128  12:04  Marine x5  
  128  12:05  Marine x2  
  128  12:08  Marine  
  133  12:20  Marine x3  
  133  12:21  Marine  
  133  12:22  Marine x5  
  141  12:23  Marine  
  141  12:26  Marine  
  141  12:29  Siege Tank x2  
  149  12:37  Sensor Tower, Marine  
  149  12:38  Marine x2  
  149  12:39  Marine x3  
  149  12:40  Marine x4  
  157  12:44  Marine  
  157  12:50  Orbital Command  
  158  12:55  Marine  
  152  13:00  Marine x3  
  152  13:01  Siege Tank x2  
  152  13:02  Marine  
  152  13:03  Marine  
  160  13:06  Marine  
  161  13:21  Marine x2  
  161  13:22  Marine x3  
  161  13:26  Marine x2  
  155  13:30  Marine x2  
  155  13:33  Siege Tank x2  
  150  13:35  Planetary Fortress  
  148  13:51  Medivac x2  
  152  13:55  Marine x2  
  152  13:56  Marine x2  
  156  14:05  Siege Tank  
  156  14:07  Marine  
  156  14:08  Siege Tank, Marine x2  
  165  14:12  Marine x3  
  165  14:13  Marine  
  165  14:16  SCV  
  170  14:21  Marine x2  
  170  14:22  Medivac  
  170  14:28  SCV  
  164  14:37  Siege Tank  
  151  14:38  Marine  
  151  14:39  Marine  
  151  14:43  Marine x2  
  150  14:53  Marine x3  
  150  14:58  Marine x2  
  150  14:59  Siege Tank  
  158  15:00  Marine  
  118  15:14  Marine x2  
Tags
 
Add a new tag
Caveats
  • Supply blocks, unpowered buildings, or Contaminate may cause inaccurate times.
  • Supply counts are checked every 10 seconds.